[Event "42nd Olympiad Baku 2016 Open"]
[Site "Baku"]
[Date "2016.09.06"]
[Round "5.1"]
[White "Phillips, Roy"]
[Black "Kawuma, Patrick"]
[Result "0-1"]
[ECO "B33"]
[WhiteElo "2234"]
[BlackElo "2261"]
[Annotator ""]
[PlyCount "109"]
[EventDate "2016.??.??"]
[EventType "team-tourn"]
[EventCountry "AZE"]
[SourceTitle "playchess.com"]
[Source "ChessBase"]
[WhiteTeam "Mauritius"]
[BlackTeam "Uganda"]
[WhiteTeamCountry "MRI"]
[BlackTeamCountry "UGA"]
[TimeControl "40/5400+30:1800+30"]

1. e4 {(00:00)} c5 {(01:58)} 2. Nf3 {(00:00)} Nc6 {
(00:22)} 3. d4 {(00:00)} cxd4 {(00:03)} 4. Nxd4 {(
00:00)} Nf6 {(00:06)} 5. Nc3 {(00:00)} e5 {(00:02)} 6.
Ndb5 {(00:04)} d6 {(00:11)} 7. Bg5 {(00:16)} a6 {(
00:06)} 8. Na3 {(00:07)} b5 {(00:05)} 9. Nd5 {(00:12)} Be7
{(00:15)} 10. Bxf6 {(00:08)} Bxf6 {(00:08)} 11. c3 {
(00:23)} O-O {(05:24)} 12. Nc2 {(00:34)} Bg5 {(06:
20)} 13. a4 {(00:40)} bxa4 {(00:29)} 14. Rxa4 {(00:32)} a5
{(04:45)} 15. Bb5 {(00:37)} Ne7 {(09:22)} 16. Nxe7+ {
(13:18)} Qxe7 {(00:21)} 17. O-O {(01:13)} Qb7 {(11:
29)} 18. Qd3 {(29:58)} Be6 {(04:25)} 19. c4 {(14:19)} Qb6
{(11:22)} 20. Rd1 {(23:25)} f5 {(01:53)} 21. Ne3 {(
03:10)} fxe4 {(03:07)} 22. Qxe4 {(03:26)} Ra7 {(00:14)}
23. Ra3 {(02:43)} Raf7 {(06:38)} 24. Rf1 {(02:18)} Rf4 {
(05:58)} 25. Qd3 {(00:04)} Rd4 {(08:23)} 26. Qc3 {(
02:25)} Bd8 {(04:31)} 27. Nc2 {(01:44)} Rdf4 {(04:03)} 28.
Qd2 {(00:17)} Qc5 {(03:45)} 29. Ne3 {(00:32)} Bb6 {
(01:33)} 30. Rd3 {(01:28)} Rd4 {(01:56)} 31. Qe2 {(
00:56)} Qc7 {(04:17)} 32. Rc3 {(00:32)} Qf7 {(00:39)} 33.
b3 {(00:35)} Qc7 {(01:27)} 34. Rcc1 {(00:32)} Bc5 {
(00:36)} 35. Nc2 {(00:28)} Bg4 {(00:40)} 36. Qe1 {(
00:26)} Rdf4 {(00:31)} 37. Ne3 {(00:04)} Be6 {(00:09)} 38.
Qe2 {(00:13)} Qb6 {(00:22)} 39. Rce1 {(01:14)} Bd4 {
(00:56)} 40. Kh1 {(00:00)} Bxe3 {(00:00)} 41. Qxe3 {
(07:40)} Qxe3 {(02:07)} 42. Rxe3 {(00:05)} Rxf2 {(
00:40)} 43. Rxf2 {(00:09)} Rxf2 {(00:04)} 44. Kg1 {(00:18]
} Rd2 {(02:16)} 45. Ba4 {(04:20)} Kf7 {(01:38)} 46. c5 {
(05:13)} dxc5 {(10:01)} 47. Rxe5 {(00:55)} Rd5 {(
00:12)} 48. Re3 {(02:04)} Ke7 {(01:46)} 49. Rg3 {(11:03)}
g6 {(00:44)} 50. Kf2 {(00:14)} Kd6 {(00:39)} 51. Ke2 {
(00:34)} Rd4 {(00:31)} 52. Re3 {(03:40)} Bd5 {(04:
21)} 53. g3 {(00:15)} Re4 {(01:31)} 54. Rxe4 {(01:00)}
Bxe4 {(00:58)} 55. Ke3 {(01:07)} 0-1

[Event "42nd Olympiad Baku 2016 Open"]
[Site "Baku"]
[Date "2016.09.06"]
[Round "5.36"]
[White "Piorun, Kacper"]
[Black "Vedmediuc, Serghei"]
[Result "1/2-1/2"]
[ECO "A17"]
[WhiteElo "2681"]
[BlackElo "2437"]
[Annotator ""]
[PlyCount "149"]
[EventDate "2016.??.??"]
[EventType "team-tourn"]
[EventCountry "AZE"]
[SourceTitle "playchess.com"]
[Source "ChessBase"]
[WhiteTeam "Poland"]
[BlackTeam "Moldova"]
[WhiteTeamCountry "POL"]
[BlackTeamCountry "MDA"]
[TimeControl "40/5400+30:1800+30"]

1. c4 {(00:00)} Nf6 {(00:00)} 2. Nc3 {(00:46)} e6 {
(02:37)} 3. Nf3 {(01:30)} d5 {(08:58)} 4. e3 {(00:
29)} c5 {(05:38)} 5. d4 {(03:54)} cxd4 {(04:52)} 6. exd4 {
(05:57)} Bb4 {(00:06)} 7. Bd3 {(01:52)} dxc4 {(14:
20)} 8. Bxc4 {(00:05)} O-O {(00:07)} 9. O-O {(00:08)} Nbd7
{(02:04)} 10. Bg5 {(01:21)} Bxc3 {(00:43)} 11. bxc3 {
(00:05)} Qc7 {(00:03)} 12. Bd3 {(02:39)} b6 {(10:
31)} 13. Re1 {(08:20)} Bb7 {(00:22)} 14. Rc1 {(09:07)} Qc6
{(13:06)} 15. a4 {(12:53)} Rac8 {(01:08)} 16. Bh4 {
(10:19)} h6 {(03:51)} 17. c4 {(01:07)} Rfe8 {(04:
58)} 18. Bg3 {(03:45)} Rcd8 {(15:34)} 19. Qb3 {(11:32)}
Nh5 {(00:50)} 20. c5 {(01:10)} Nxg3 {(01:16)} 21. hxg3 {
(00:13)} bxc5 {(08:38)} 22. Be4 {(04:15)} Qxe4 {(
00:03)} 23. Rxe4 {(00:05)} Bxe4 {(00:04)} 24. dxc5 {(00:
03)} Rc8 {(00:27)} 25. Qb4 {(08:11)} Bxf3 {(01:14)} 26.
gxf3 {(00:01)} Rc7 {(00:13)} 27. c6 {(00:17)} Nb6 {
(00:59)} 28. a5 {(01:02)} Nd5 {(00:01)} 29. Qd6 {(
02:07)} Rec8 {(00:25)} 30. a6 {(00:40)} g6 {(00:48)} 31.
Kg2 {(00:59)} Kg7 {(00:07)} 32. f4 {(02:29)} Kg8 {(
00:46)} 33. g4 {(01:45)} Ne7 {(00:51)} 34. Kf3 {(00:49)}
Kf8 {(00:29)} 35. Kg2 {(02:21)} Ke8 {(00:38)} 36. Qd4 {
(03:21)} Nxc6 {(00:27)} 37. Qh8+ {(01:09)} Ke7 {(
00:16)} 38. Qxh6 {(00:07)} Nb4 {(00:54)} 39. Qg5+ {(00:26]
} Kd7 {(00:24)} 40. Qb5+ {(00:00)} Rc6 {(00:00)} 41. Rxc6
{(16:42)} Nxc6 {(00:47)} 42. Qb2 {(00:07)} Rc7 {(
05:29)} 43. Kg3 {(00:42)} Kc8 {(01:51)} 44. Qh8+ {(00:23)}
Nd8 {(00:39)} 45. Qd4 {(00:07)} Nc6 {(01:54)} 46. Qd6 {
(00:03)} Nd8 {(00:16)} 47. Kh4 {(01:30)} Rd7 {(06:
08)} 48. Qc5+ {(01:02)} Rc7 {(00:05)} 49. Qa3 {(00:26)}
Rd7 {(02:49)} 50. Kg5 {(00:30)} Nc6 {(00:28)} 51. Kf6 {
(00:14)} Kc7 {(00:24)} 52. Qc5 {(00:56)} Rd5 {(01:
29)} 53. Qe3 {(00:45)} Rd7 {(00:08)} 54. Qb3 {(02:27)} Nd8
{(02:05)} 55. Qb4 {(00:58)} Nc6 {(01:34)} 56. Qb7+ {
(00:25)} Kd6 {(00:13)} 57. Qc8 {(00:55)} Rd8 {(00:
17)} 58. Qb7 {(00:20)} Rd7 {(00:02)} 59. Qb5 {(00:12)} Kc7
{(00:26)} 60. f3 {(00:45)} Kd6 {(01:37)} 61. Kg7 {(
00:27)} e5 {(05:29)} 62. fxe5+ {(02:23)} Nxe5 {(00:04)}
63. Kf6 {(01:34)} Nc6 {(00:15)} 64. f4 {(00:42)} Nd8 {
(02:14)} 65. g5 {(03:12)} Nc6 {(00:48)} 66. Kg7 {(
00:35)} Nd4 {(01:50)} 67. Qb8+ {(00:14)} Kd5 {(00:37)} 68.
Qe8 {(02:17)} Nf5+ {(01:11)} 69. Kf6 {(01:40)} Kd6 {
(00:20)} 70. Qe5+ {(00:40)} Kc6 {(00:07)} 71. Qa5 {
(00:13)} Rc7 {(00:29)} 72. Qb4 {(00:22)} Rd7 {(00:
15)} 73. Qa4+ {(00:29)} Kd6 {(00:13)} 74. Qc4 {(00:26)}
Rc7 {(00:12)} 75. Qb5 {(00:43] Ke5+} 1/2-1/2

[Event "42nd Olympiad Baku 2016 Open"]
[Site "Baku"]
[Date "2016.09.06"]
[Round "5.31"]
[White "Poon, Yu Tien"]
[Black "Mapini, Otsile"]
[Result "1-0"]
[ECO "D30"]
[WhiteElo "2196"]
[BlackElo "1972"]
[Annotator ""]
[PlyCount "79"]
[EventDate "2016.??.??"]
[EventType "team-tourn"]
[EventCountry "AZE"]
[SourceTitle "playchess.com"]
[Source "ChessBase"]
[WhiteTeam "Barbados"]
[BlackTeam "Botswana"]
[WhiteTeamCountry "BAR"]
[BlackTeamCountry "BOT"]
[TimeControl "40/5400+30:1800+30"]

1. d4 {(00:00)} d5 {(00:00)} 2. c4 {(00:00)} e6 {(
00:00)} 3. Nf3 {(00:00)} c6 {(00:00)} 4. Bg5 {(00:09)}
Qa5+ {(00:50)} 5. Bd2 {(02:04)} Bb4 {(00:43)} 6. Nc3 {
(01:22)} Nf6 {(02:16)} 7. a3 {(05:28)} Bxc3 {(00:
09)} 8. Bxc3 {(00:04)} Qd8 {(01:19)} 9. e3 {(00:12)} Ne4 {
(00:21)} 10. Bd3 {(00:33)} f5 {(02:02)} 11. O-O {(
05:00)} Nd7 {(02:52)} 12. Nd2 {(01:40)} O-O {(02:36)} 13.
f3 {(01:57)} Nxc3 {(01:58)} 14. bxc3 {(00:05)} b6 {
(00:18)} 15. Qc2 {(07:17)} Ba6 {(06:13)} 16. e4 {(
02:57)} Qf6 {(16:41)} 17. e5 {(25:04)} Qe7 {(01:21)} 18.
cxd5 {(01:04)} Bxd3 {(00:11)} 19. Qxd3 {(00:03)} cxd5 {
(00:22)} 20. c4 {(00:04)} g6 {(12:17)} 21. cxd5 {(
01:04)} exd5 {(00:03)} 22. Qb3 {(05:09)} Qe6 {(04:00)} 23.
Rac1 {(00:13)} Rfc8 {(01:08)} 24. Nb1 {(00:18)} Rc4 {
(00:38)} 25. Qe3 {(09:42)} Rac8 {(00:26)} 26. Rxc4 {
(00:41)} Rxc4 {(00:56)} 27. Rc1 {(00:19)} b5 {(00:
24)} 28. Rxc4 {(06:45)} dxc4 {(02:32)} 29. Nc3 {(00:07)}
a6 {(00:08)} 30. f4 {(00:27)} Qb6 {(02:07)} 31. e6 {
(10:04)} Nf6 {(07:24)} 32. Qe5 {(01:30)} Ne8 {(06:
08)} 33. h3 {(04:57)} Qd6 {(01:39)} 34. Nd5 {(00:45)} Qxa3
{(06:16)} 35. Qb8 {(05:28)} Kf8 {(09:27)} 36. Qb7 {
(00:33)} Kg8 {(07:13)} 37. Qf7+ {(00:08)} Kh8 {(00:
06)} 38. e7 {(00:22)} h5 {(01:31)} 39. Qxe8+ {(00:21)} Kh7
{(00:44)} 40. Nf6+ 1-0

[Event "42nd Olympiad Baku 2016 Open"]
[Site "Baku"]
[Date "2016.09.06"]
[Round "5.13"]
[White "Prasad, Calvin"]
[Black "Sanon, Mondoly"]
[Result "1-0"]
[ECO "A06"]
[WhiteElo "2013"]
[BlackElo "2036"]
[Annotator ""]
[PlyCount "105"]
[EventDate "2016.??.??"]
[EventType "team-tourn"]
[EventCountry "AZE"]
[SourceTitle "playchess.com"]
[Source "ChessBase"]
[WhiteTeam "Fiji"]
[BlackTeam "Haiti"]
[WhiteTeamCountry "FIJ"]
[BlackTeamCountry "HAI"]
[TimeControl "40/5400+30:1800+30"]

1. Nf3 {(00:00)} d5 {(00:00)} 2. c4 Nf6 {(00:17)} 3. g3 {
(00:00)} Nc6 {(00:19)} 4. Bg2 {(02:16)} e5 {(04:41]
} 5. cxd5 {(01:34)} Nxd5 {(01:41)} 6. d3 {(06:33)} Be7 {
(01:06)} 7. O-O {(00:17)} Be6 {(00:26)} 8. Nc3 {(
00:23)} O-O {(00:29)} 9. Bd2 {(03:08)} Rb8 {(09:32)} 10.
a3 {(07:28)} f5 {(04:25)} 11. Rc1 {(04:24)} f4 {(
04:18)} 12. b4 {(05:42)} a6 {(06:54)} 13. Ne4 {(00:58)}
Qd7 {(10:52)} 14. Nc5 {(06:59)} Bxc5 {(14:16)} 15. Rxc5 {
(00:30)} b6 {(01:37)} 16. Rc1 {(00:21)} Qd6 {(03:
17)} 17. Ng5 {(10:33)} Nce7 {(09:30)} 18. Nxe6 {(12:26)}
Qxe6 {(00:03)} 19. Qb3 {(00:25)} c6 {(06:11)} 20. a4 {
(05:18)} Rbc8 {(03:17)} 21. b5 {(01:09)} axb5 {(00:
26)} 22. axb5 {(00:01)} c5 {(00:35)} 23. Ra1 {(03:01)} Kh8
{(01:08)} 24. Ra7 {(00:29)} Rc7 {(01:05)} 25. Rxc7 {
(04:48)} Nxc7 {(00:03)} 26. Qxe6 {(00:05)} Nxe6 {(
00:16)} 27. Bc3 {(00:01)} Nd4 {(00:39)} 28. Bxd4 {(00:06)}
exd4 {(00:39)} 29. Ra1 {(00:27)} fxg3 {(00:12)} 30. hxg3 {
(00:21)} Rb8 {(02:24)} 31. Ra7 {(02:30)} Ng6 {(00:
29)} 32. Be4 {(01:10)} Nf8 {(00:12)} 33. Bf5 {(01:32)} h6
{(00:47)} 34. Kg2 {(04:34)} Nh7 {(00:19)} 35. g4 {(
03:37)} Nf6 {(00:14)} 36. f4 {(00:26)} Nd5 {(00:05)} 37.
Kf3 {(00:42)} Nc3 {(01:42)} 38. Bd7 {(00:14)} Kh7 {
(01:29)} 39. Bf5+ {(05:33)} Kg8 {(00:07)} 40. Be6+ {
(00:00)} Kh7 {(00:00)} 41. Bd7 {(01:23)} Kg6 {(01:
45)} 42. Bc6 {(02:42)} Kf6 {(07:01)} 43. e4 {(01:26)} dxe3
{(00:52)} 44. Kxe3 {(00:02)} Rd8 {(02:37)} 45. Ra6 {
(02:13)} Rd6 {(00:34)} 46. Kd2 {(00:43)} Nd5 {(01:
32)} 47. Bxd5 {(00:06)} Rxd5 48. Rxb6+ Ke7 {(01:59)} 49. Ke3 {
(03:35)} g5 {(02:25)} 50. f5 {(01:41)} Rd4 {(00:08]
} 51. Re6+ {(02:23)} Kd7 {(02:55)} 52. Re4 {(00:18)} Rd6 {
(00:26)} 53. Rc4 {(00:15)} 1-0

[Event "42nd Olympiad Baku 2016 Open"]
[Site "Baku"]
[Date "2016.09.06"]
[Round "5.11"]
[White "Psaila, Clarence"]
[Black "Bhandari, Kshitiz"]
[Result "0-1"]
[ECO "E62"]
[WhiteElo "2057"]
[BlackElo "2013"]
[Annotator ""]
[PlyCount "126"]
[EventDate "2016.??.??"]
[EventType "team-tourn"]
[EventCountry "AZE"]
[SourceTitle "playchess.com"]
[Source "ChessBase"]
[WhiteTeam "Malta"]
[BlackTeam "Nepal"]
[WhiteTeamCountry "MLT"]
[BlackTeamCountry "NEP"]
[TimeControl "40/5400+30:1800+30"]

1. Nf3 {(00:00)} g6 {(00:36)} 2. c4 {(00:00)} Nf6 {
(00:21)} 3. Nc3 {(00:10)} Bg7 {(00:05)} 4. g3 {(00:
29)} d6 {(01:05)} 5. d4 {(00:10)} O-O {(00:24)} 6. Bg2 {
(00:11)} c6 {(00:24)} 7. O-O {(00:18)} Qa5 {(11:32]
} 8. e4 {(01:27)} e5 {(05:49)} 9. h3 {(02:17)} Nbd7 {
(04:18)} 10. Be3 {(01:15)} a6 {(11:07)} 11. Rb1 {(
05:59)} Re8 {(02:38)} 12. Re1 {(03:36)} exd4 {(03:49)} 13.
Nxd4 {(07:59)} Ne5 {(04:02)} 14. b4 {(02:15)} Qc7 {
(00:48)} 15. Qb3 {(04:18)} a5 {(07:33)} 16. a3 {(
18:07)} axb4 {(04:33)} 17. axb4 {(01:13)} Ned7 {(14:57)}
18. Red1 {(07:08)} h5 {(01:38)} 19. Rd2 {(03:40)} h4 {
(01:19)} 20. g4 {(03:54)} Ne5 {(04:57)} 21. f3 {(
06:52)} Ned7 {(04:31)} 22. Rbd1 {(02:19)} Nf8 {(03:18)}
23. Nde2 {(02:59)} Be6 {(00:56)} 24. Rxd6 {(01:56)} b5 {
(01:27)} 25. Qc2 {(07:15)} Bxc4 {(00:35)} 26. Bc5 {
(02:45)} N6d7 {(01:02)} 27. Be3 {(05:43)} Ra3 {(01:
20)} 28. Qd2 {(02:29)} Ne5 {(01:36)} 29. Bc5 {(03:32)}
Bxe2 {(00:42)} 30. Nxe2 {(00:44)} Nc4 {(00:37)} 31. Qc1 {
(00:41)} Ra1 {(00:40)} 32. Qf4 {(01:51)} Nxd6 {(00:
26)} 33. Rxa1 {(00:05)} Bxa1 {(00:33)} 34. Bxd6 {(00:12)}
Qa7+ {(00:26)} 35. Bc5 {(00:10)} Qa2 {(00:14)} 36. Nd4 {
(00:48)} Bxd4+ {(02:38)} 37. Bxd4 {(00:05)} Ne6 {(
00:02)} 38. Qe5 {(00:47)} Nxd4 {(01:45)} 39. Qxe8+ {(00:
06)} Kh7 {(00:04)} 40. Qe7 {(00:00)} Ne2+ {(00:00)} 41.
Kh2 {(10:25)} Nf4 {(02:45)} 42. Qxh4+ {(00:44)} Kg7 {
(00:01)} 43. Qg3 {(00:26)} g5 {(00:24)} 44. e5 {(
02:39)} Qa1 {(04:19)} 45. h4 {(01:12)} Ne2 {(00:11)} 46.
Qf2 {(01:41)} Qxe5+ {(00:10)} 47. Kh1 {(04:08)} gxh4 {
(03:00)} 48. Bf1 {(02:25)} Ng3+ {(00:26)} 49. Kg2 {
(00:55)} Qa1 {(00:16)} 50. f4 {(00:50)} Qd1 {(04:
55)} 51. g5 {(03:21)} Qd5+ {(03:18)} 52. Kh3 {(02:45)}
Qh1+ {(00:38)} 53. Kg4 {(00:25)} Qxf1 {(00:22)} 54. Qd4+ {
(00:19)} Kh7 {(01:35)} 55. g6+ {(05:13)} Kxg6 {(05:
16)} 56. Qd6+ {(03:32)} f6 {(00:18)} 57. Qc5 {(00:59)}
Qd1+ {(00:27)} 58. Kh3 {(00:32)} Qf3 {(00:47)} 59. Qc2+ {
(00:26)} Nf5+ {(00:17)} 60. Kh2 {(00:09)} Qxf4+ {(
00:16)} 61. Kh1 {(00:20)} h3 {(01:50)} 62. Kg1 {(00:25)}
Qg3+ {(00:19)} 63. Kf1 {(00:22)} Qg2+ {(00:17)} 0-1

[Event "42nd Olympiad Baku 2016 Open"]
[Site "Baku"]
[Date "2016.09.06"]
[Round "5.4"]
[White "Pultinevicius, Paulius"]
[Black "Murillo Tsijli, Alexis"]
[Result "1-0"]
[ECO "E09"]
[WhiteElo "2351"]
[BlackElo "2272"]
[Annotator ""]
[PlyCount "145"]
[EventDate "2016.??.??"]
[EventType "team-tourn"]
[EventCountry "AZE"]
[SourceTitle "playchess.com"]
[Source "ChessBase"]
[WhiteTeam "Lithuania"]
[BlackTeam "Costa Rica"]
[WhiteTeamCountry "LTU"]
[BlackTeamCountry "CRI"]
[TimeControl "40/5400+30:1800+30"]

1. c4 {(00:00)} e6 {(00:20)} 2. d4 {(00:21)} d5 {(
00:06)} 3. g3 {(00:04)} Nf6 {(00:05)} 4. Bg2 {(00:06)} Be7
{(00:06)} 5. Nf3 {(00:07)} O-O {(00:07)} 6. O-O {(
00:04)} c6 {(00:50)} 7. Qc2 {(00:12)} Nbd7 {(00:10)} 8.
Nbd2 {(00:09)} b6 {(00:11)} 9. e4 {(00:04)} Bb7 {(
00:12)} 10. e5 {(00:34)} Ne8 {(00:13)} 11. cxd5 {(00:04)}
cxd5 {(00:08)} 12. Re1 {(00:07)} Nc7 {(03:57)} 13. Nf1 {
(04:03)} Nb8 {(03:55)} 14. h4 {(06:33)} Nc6 {(00:
21)} 15. Bg5 {(01:09)} h6 {(07:21)} 16. Be3 {(03:48)} Rc8
{(01:30)} 17. N1h2 {(02:14)} Qe8 {(17:09)} 18. Bf1 {
(18:42)} f5 {(06:21)} 19. exf6 {(01:21)} Bxf6 {(00:
09)} 20. Qd2 {(01:06)} Ba6 {(03:29)} 21. Bxa6 {(05:19)}
Nxa6 {(00:11)} 22. Rac1 {(05:30)} Qd7 {(01:47)} 23. Qe2 {
(00:32)} Nc7 {(01:09)} 24. Ng4 {(00:19)} Ne8 {(03:
49)} 25. Bf4 {(02:15)} h5 {(12:30)} 26. Nxf6+ {(01:11)}
Nxf6 {(00:06)} 27. Qxe6+ {(09:53)} Qxe6 {(00:08)} 28. Rxe6
{(00:05)} Nb4 {(01:15)} 29. Rxc8 {(00:13)} Rxc8 {(
00:09)} 30. Be5 {(06:48)} Ng4 {(13:39)} 31. Re7 {(01:31)}
Nd3 {(06:46)} 32. Rxg7+ {(14:23)} Kf8 {(00:07)} 33. Rg5 {
(06:09)} Rc1+ {(05:18)} 34. Kg2 {(00:01)} Rc2 {(00:
10)} 35. Bd6+ {(00:23)} Kf7 {(03:21)} 36. Ne5+ {(00:45)}
Ngxe5 {(01:12)} 37. Bxe5 {(01:26)} Rxf2+ {(00:33)} 38. Kg1
{(00:15)} Rxb2 {(00:31)} 39. Rxh5 {(00:36)} Rxa2 {(
01:00)} 40. Bb8 {(00:00)} Ke6 {(00:00)} 41. Rh7 {(05:20)}
a5 {(08:43)} 42. Rb7 {(00:43)} Rb2 {(03:57)} 43. h5 {
(00:55)} Ne1 {(11:00)} 44. g4 {(03:01)} Rg2+ {(13:
05)} 45. Kf1 {(00:14)} Rxg4 {(00:08)} 46. Kxe1 {(00:53)}
Rxd4 {(00:14)} 47. Bg3 {(03:03)} Rg4 {(00:51)} 48. Bf2 {
(00:19)} Ke5 {(01:46)} 49. Rxb6 {(00:35)} Ke4 {(01:
56)} 50. h6 {(00:45)} Rg5 {(00:17)} 51. Re6+ {(01:32)} Kf5
{(00:34)} 52. Be3 {(03:44)} Rh5 {(01:20)} 53. Re7 {
(00:49)} Rh4 {(00:57)} 54. Ke2 {(00:37)} a4 {(00:
08)} 55. Rf7+ {(01:17)} Ke6 {(00:37)} 56. Ra7 {(00:20)} d4
{(00:20)} 57. Bd2 {(01:10)} Kf5 {(00:38)} 58. Kd3 {
(00:28)} a3 {(00:45)} 59. Ra5+ {(05:19)} Ke6 {(00:
49)} 60. Bc1 {(01:09)} Kf7 {(00:58)} 61. Rxa3 {(00:38)}
Kg6 {(00:09)} 62. Ra7 {(00:20)} Rh1 {(00:28)} 63. Bd2 {
(00:11)} Rh4 {(00:13)} 64. Rd7 {(00:07)} Rh3+ {(00:
39)} 65. Kxd4 {(00:10)} Rh5 {(00:45)} 66. Rg7+ {(00:13)}
Kf6 {(00:01)} 67. Rg1 {(00:11)} Rh3 {(00:30)} 68. Ke4 {
(00:11)} Kf7 {(00:31)} 69. Kf5 {(00:15)} Rh5+ {(00:
56)} 70. Bg5 {(00:13)} Rh2 {(00:17)} 71. Rb1 {(00:11)}
Rf2+ {(00:08)} 72. Bf4 {(00:03)} Kg8 {(00:16)} 73. Ke4 1-0

[Event "42nd Olympiad Baku 2016 Open"]
[Site "Baku"]
[Date "2016.09.06"]
[Round "5.8"]
[White "Pulvett Marin, Daniel"]
[Black "Pichot, Alan"]
[Result "1/2-1/2"]
[ECO "D30"]
[WhiteElo "2434"]
[BlackElo "2536"]
[Annotator ""]
[PlyCount "73"]
[EventDate "2016.??.??"]
[EventType "team-tourn"]
[EventCountry "AZE"]
[SourceTitle "playchess.com"]
[Source "ChessBase"]
[WhiteTeam "Venezuela"]
[BlackTeam "Argentina"]
[WhiteTeamCountry "VEN"]
[BlackTeamCountry "ARG"]
[TimeControl "40/5400+30:1800+30"]

1. d4 {(00:00)} Nf6 {(00:00)} 2. c4 {(00:00)} e6 {(
00:29)} 3. Nf3 {(00:00)} d5 {(00:32)} 4. Bg5 {(01:12)} h6
{(01:47)} 5. Bxf6 {(00:46)} Qxf6 {(00:43)} 6. Nc3 {
(04:38)} c6 {(01:10)} 7. e3 {(05:28)} Nd7 {(01:11)}
8. Bd3 {(01:17)} g6 {(00:48)} 9. O-O {(05:31)} Bg7 {
(00:49)} 10. e4 {(01:43)} dxc4 {(01:04)} 11. e5 {(
00:14)} Qe7 {(02:10)} 12. Bxc4 {(00:10)} O-O {(06:28)} 13.
Qe2 {(18:20)} b5 {(05:38)} 14. Bd3 {(13:28)} a6 {(
27:23)} 15. Be4 {(03:41)} Bb7 {(01:50)} 16. Rfc1 {(04:08)}
Rfc8 {(09:14)} 17. a4 {(04:48)} Nb6 {(03:26)} 18. h4 {
(14:20)} Rd8 {(17:18)} 19. b3 {(06:56)} Rd7 {(05:
26)} 20. Nd1 {(00:52)} Rc8 {(02:13)} 21. Nb2 {(02:51)} c5
{(02:17)} 22. Bxb7 {(05:04)} Rxb7 {(00:04)} 23. Nd3 {
(00:34)} cxd4 {(01:54)} 24. Rxc8+ {(00:12)} Nxc8 {(
00:05)} 25. axb5 {(00:15)} Rxb5 {(00:53)} 26. b4 {(00:27)}
Qa7 {(02:27)} 27. Qe4 {(00:28)} Rd5 {(00:57)} 28. Rc1 {
(00:34)} Ne7 {(00:27)} 29. Rc4 {(01:58)} Qb6 {(01:
52)} 30. Rxd4 {(00:57)} Qb5 {(00:41)} 31. Rxd5 {(02:12)}
Nxd5 {(00:05)} 32. Nh2 {(01:01)} Nc3 {(01:02)} 33. Qa8+ {
(00:04)} Bf8 {(01:43)} 34. Ng4 {(01:54)} Kg7 {(01:
52)} 35. Nf6 {(00:23)} Qxd3 {(00:47)} 36. Ne8+ {(00:08)}
Kg8 {(00:22)} 37. Nf6+ {(00:09)} 1/2-1/2

[Event "42nd Olympiad Baku 2016 Open"]
[Site "Baku"]
[Date "2016.09.06"]
[Round "5.23"]
[White "Rahman, Ziaur"]
[Black "Bluebaum, Matthias"]
[Result "0-1"]
[ECO "A06"]
[WhiteElo "2512"]
[BlackElo "2626"]
[Annotator ""]
[PlyCount "94"]
[EventDate "2016.??.??"]
[EventType "team-tourn"]
[EventCountry "AZE"]
[SourceTitle "playchess.com"]
[Source "ChessBase"]
[WhiteTeam "Bangladesh"]
[BlackTeam "Germany"]
[WhiteTeamCountry "BAN"]
[BlackTeamCountry "GER"]
[TimeControl "40/5400+30:1800+30"]

1. Nf3 {(00:01)} d5 {(00:00)} 2. g3 {(00:21)} Bg4 {
(00:23)} 3. Bg2 {(00:10)} e6 {(00:05)} 4. O-O {(00:
53)} Nf6 {(00:07)} 5. c4 {(00:40)} c6 {(00:10)} 6. d3 {
(00:24)} Be7 {(01:38)} 7. Qb3 {(01:32)} Qc8 {(01:
50)} 8. Nc3 {(03:59)} O-O {(01:10)} 9. Bf4 {(01:55)} Nbd7
{(02:21)} 10. cxd5 {(01:25)} exd5 {(01:59)} 11. Rfc1 {
(11:54)} Nc5 {(06:10)} 12. Qd1 {(01:15)} Bh3 {(15:
14)} 13. Bh1 {(00:49)} Ne6 {(02:21)} 14. Bd2 {(04:49)} Qd7
{(08:04)} 15. d4 {(09:12)} Bd6 {(13:24)} 16. a3 {(
08:15)} Qe7 {(03:47)} 17. e3 {(07:12)} Ne4 {(10:02)} 18.
Bg2 {(03:48)} Bxg2 {(01:23)} 19. Kxg2 {(02:21)} f5 {
(02:06)} 20. Ng1 {(03:20)} g5 {(06:01)} 21. f3 {(
05:18)} Nf6 {(02:22)} 22. Qc2 {(01:00)} f4 {(02:02)} 23.
Re1 {(00:55)} Rae8 {(06:27)} 24. Na4 {(08:29)} Qg7 {
(01:00)} 25. Nc5 {(00:25)} Nxc5 {(03:39)} 26. dxc5 {
(00:05)} Be5 {(00:03)} 27. exf4 {(06:40)} gxf4 {(
00:05)} 28. Rxe5 {(00:14)} Rxe5 {(00:04)} 29. Bxf4 {(00:
17)} Re6 {(00:56)} 30. Qf5 {(03:09)} Rfe8 {(01:53)} 31.
Rd1 {(00:31)} Nd7 {(01:30)} 32. b4 {(02:10)} Ne5 {(
01:20)} 33. Bxe5 {(05:45)} Rxe5 {(00:08)} 34. Qc2 {(00:35]
} Re3 {(00:56)} 35. h4 {(00:32)} Rxa3 {(02:25)} 36. h5 {
(01:08)} Rae3 {(01:09)} 37. b5 {(01:21)} R3e5 {(01:
16)} 38. bxc6 {(01:46)} bxc6 {(00:04)} 39. Qa4 {(00:13)}
Rg5 {(02:10)} 40. Qxc6 {(00:00)} Rxg3+ {(00:00)} 41. Kh2 {
(04:14)} Rd8 {(18:16)} 42. Qe6+ {(16:01)} Kh8 {(00:
17)} 43. h6 {(02:28)} Rg2+ {(02:54)} 44. Kh1 {(00:11)} Qb2
{(00:19)} 45. Qh3 {(00:43)} Rdg8 {(00:16)} 46. Qh4 {
(02:18)} R2g6 {(02:08)} 47. Ne2 {(00:08)} Qf6 {(00:
43)} 0-1